cohdb
Replays
Latest Replays
All Replays
Popular Replays
Top Player Replays
Match Explorer
How It Works
Community
CoH3 Stats
Reddit
Sign in to upload your games and track your stats! →
Sign in with Steam
Match 40184715
Unlisted
Match 40184715
Overview
Messages
Build Orders
End
Construct Barracks
Engineer Squad
1⁄4-ton 4x4 Truck
Riflemen Squad
Construct Weapon Support Center
Bazooka Squad
M1919 Machine Gun Team
M1919 Machine Gun Team
Mechanized Support Center
Construct Medical Station
M3 Armored Personnel Carrier
Selects Heavy Weapons
Selects Assault Carriers
Selects Exchangeable Parts
Designate Forward Repair Station
Bazooka Squad
Construct Motor Pool
M16 Multiple Gun Motor Carriage
M8 Greyhound Armored Car
M1 Anti-tank Gun Team
Selects M2HB .50cal Heavy Machine Gun
Riflemen Squad
Selects Rapid Reposition
Improved M9 Bazooka Rockets
Bazooka Squad
Selects Bolstered Team Weapons
M1918 Browning Automatic Rifles
『BlackBear』
Itaperuna
0
0
Comments
sign in to comment!
No comments posted yet!